 Dungeon Crawl Stone Soup version 0.19.1 (webtiles) character file.

58 KarmaPolice the Vandal (level 4, -4/29 HPs)
             Began as a Halfling Hunter on Dec 1, 2016.
             Slain by Sigmund
             ... wielding a +0 scythe
              (12 damage)
             ... on level 2 of the Dungeon.
             The game lasted 00:04:30 (2132 turns).

KarmaPolice the Vandal (Halfling Hunter)            Turns: 2132, Time: 00:04:31

Health: -4/29      AC:  3    Str: 13    XL:     4   Next: 21%
Magic:  4/4        EV: 15    Int:  9    God:
Gold:   97         SH:  0    Dex: 15    Spells: 0 memorised, 3 levels left

rFire  . . .     SeeInvis .     q - +2 dagger (venom)
rCold  . . .     Gourm    .     c - +0 leather armour
rNeg   . . .     Faith    .     (shield restricted)
rPois  .         Spirit   .     (no helmet)
rElec  .         Reflect  .     (no cloak)
rCorr  .         Harm     .     (no gloves)
MR     .....                    (no boots)
Stlth  ++........               (no amulet)
                                (no ring)
                                (no ring)

@: no status effects
A: mutation resistance 1
a: no special abilities


You were on level 2 of the Dungeon.
You were not hungry.

You visited 1 branch of the dungeon, and saw 2 of its levels.

You collected 97 gold pieces.

Inventory:

Hand Weapons
 a - a +1 hunting sling
 i - a +0 short sword of holy wrath
 q - a +2 dagger of venom (weapon)
Missiles
 b - 68 stones (quivered)
 d - 20 sling bullets
Armour
 c - a +0 leather armour (worn)
Jewellery
 v - a cursed +4 ring of intelligence {unknown}
 w - an uncursed ring of flight {unknown}
Scrolls
 l - 3 scrolls of remove curse
 n - a scroll of magic mapping {unknown}
 u - a scroll of noise {unknown}
 x - a scroll of teleportation {unknown}
 y - a scroll of fog {unknown}
Potions
 e - a potion of mutation {unknown}
 g - a potion of cancellation
 j - a potion of haste
 k - a potion of curing {unknown}
 m - a potion of agility {unknown}
 o - 2 potions of brilliance {unknown}
 p - a potion of flight {unknown}
 s - a potion of lignification {unknown}
Comestibles
 f - 2 bread rations
 h - a royal jelly
 r - a beef jerky
 t - 4 chunks of flesh


   Skills:
 + Level 2.1 Fighting
 + Level 2.0 Short Blades
 + Level 6.6 Slings
 + Level 2.9 Dodging
 - Level 1.1 Stealth


You had 3 spell levels left.
You didn't know any spells.

Dungeon Overview and Level Annotations

Branches:
Dungeon (2/15)

Altars:
Yredelemnul

Annotations:
D:2 Sigmund


Innate Abilities, Weirdness & Mutations

You are small and have problems with some larger weapons.
You are somewhat resistant to further mutation.


Message History

Sigmund casts a spell at you. The puff of flame hits you!
Sigmund points at you and mumbles some strange words.
You are confused.
Sigmund hits you with a scythe.
You barely miss Sigmund. Sigmund hits you with a scythe!
* * * LOW HITPOINT WARNING * * *
There is a stone staircase leading down here.
Sigmund drinks a potion.
Sigmund seems to speed up.
Unknown command.
It was a potion of cancellation.
Your magical effects are unravelling.
You feel magically purged.
You feel less confused. Sigmund closely misses you.
Okay, then.
You hit Sigmund but do no damage.
Sigmund is poisoned.
Sigmund hits you with a scythe!
You die...

#.......#..###.##
####.#####.##.####
#.# #....##.#.#
####.# #.....###.#
#....# #.........#
###....#
#.........#
#.'....#
#.........#
#.#....#
#....>@...#
#.#....#
#.....@...#
#.######
#............. #.#
#.........#### #.#
########### #.#
#.# #.# ##.######
........#


You could see Sigmund.

Vanquished Creatures
  An adder (D:2)
  An ooze (D:1)
  A worm (D:2)
  3 dart slugs (D:1)
  3 leopard geckos (D:1)
  4 goblins (D:1)
  A hobgoblin (D:1)
  3 jackals (D:1)
  8 kobolds
  A quokka (D:2)
  A ball python (D:2)
  A bat (D:1)
  3 frilled lizards (D:1)
  5 rats
  2 toadstools (D:1)
38 creatures vanquished.

Vanquished Creatures (others)
  A kobold (D:1)
  2 toadstools (D:1)
3 creatures vanquished.

Grand Total: 41 creatures vanquished

Notes
Turn   | Place    | Note
-------+----------+-------------------------------------------
     0 | D:1      | KarmaPolice the Halfling Hunter began the quest for the Orb.
     0 | D:1      | Reached XP level 1. HP: 14/14 MP: 1/1
    84 | D:1      | Reached skill level 6 in Slings
   285 | D:1      | Reached XP level 2. HP: 15/19 MP: 2/2
   544 | D:1      | Reached skill level 1 in Short Blades
   611 | D:1      | Reached XP level 3. HP: 6/24 MP: 3/3
  1528 | D:2      | Reached XP level 4. HP: 27/29 MP: 4/4
  1651 | D:2      | Found a basalt altar of Yredelemnul.
  2118 | D:2      | Noticed Sigmund
  2132 | D:2      | Slain by Sigmund

Skill      XL: |  1  2  3 |
---------------+----------+-----
Slings         | 6 |  6.6
Short Blades   | 1 2 |  2.0
Fighting       | 2 |  2.1
Dodging        | |  2.9
Stealth        | |  1.1

Action                   |  1- 3 |  4- 6 || total
-------------------------+-------+-------++-------
Melee: Short sword       |    81 |       ||    81
       Dagger            |    18 |    15 ||    33
  Use: Scroll            |       |     1 ||     1
       Potion            |       |     1 ||     1
 Stab: Sleeping          |     1 |       ||     1
  Eat: Chunk             |     2 |     2 ||     4
Armor: Leather armour    |    14 |       ||    14
Dodge: Dodged            |    83 |    12 ||    95
